 Dungeon Crawl Stone Soup version 0.26-a0-541-g3b3d21e777 (webtiles) character file.

Game seed: 5506268738212141949

19 BeastOfSaturn the Skirmisher (level 2, 0/24 HPs)
             Began as a Demonspawn Fighter on Aug 16, 2020.
             Succumbed to an adder's poison
             ... on level 2 of the Dungeon.
             The game lasted 00:00:55 (861 turns).

BeastOfSaturn the Skirmisher (Demonspawn Fighter)    Turns: 861, Time: 00:00:56

Health: 0/24       AC:  6    Str: 16    XL:     2   Next: 55%
Magic:  0/2        EV:  7    Int:  9    God:
Gold:   51         SH:  8    Dex: 12    Spells: 1/1 levels left

rFire    . . .     SeeInvis .   a - +0 long sword
rCold    . . .     Faith    .   c - +0 kite shield
rNeg     . . .     Spirit   +   b - +0 scale mail
rPois    .         Reflect  .   (no helmet)
rElec    .         Harm     .   (no cloak)
rCorr    .                      (no gloves)
MR       .....                  (no boots)
Stlth    ..........             (no amulet)
HPRegen  0.08/turn              (no ring)
MPRegen  0.08/turn              (no ring)

@: mighty, lethally poisoned (0 -> -4)
A: magic shield
a: no special abilities


You were on level 2 of the Dungeon.
You visited 1 branch of the dungeon, and saw 2 of its levels.

You collected 51 gold pieces.

Inventory:

Hand Weapons
 a - a +0 long sword (weapon)
Armour
 b - a +0 scale mail (worn)
 c - a +0 kite shield (worn)
Jewellery
 i - an uncursed ring of ice
Scrolls
 e - 2 scrolls of enchant armour {unknown}
 f - 3 scrolls of identify {unknown}
Potions
 g - a potion of curing {unknown}
 h - a potion of lignification {unknown}


   Skills:
 * Level 3.5 Fighting
 * Level 2.1 Long Blades
 - Level 2.6 Armour
 * Level 0.7 Dodging
 - Level 2.6 Shields


You had one spell level left.
You didn't know any spells.
Your spell library was empty.

Dungeon Overview and Level Annotations

Branches:
Dungeon (2/15)

Altars:


Innate Abilities, Weirdness & Mutations

When hurt, damage is shared between your health and your magic reserves.


Message History

The gnoll hits you from afar with a +0 halberd!
The adder bites you.
You closely miss the adder.
The adder is heavily wounded.
You block the gnoll's attack. The adder completely misses you.
The adder barely misses you. You block the gnoll's attack.
You miss the adder.
The adder is heavily wounded.
You feel sick. The adder barely misses you. The gnoll barely misses you.
The adder bites you but does no damage.
You slash the adder!
You kill the adder!
Your Long Blades skill increases to level 2!
The gnoll hits you from afar with a +0 halberd.
* * * LOW HITPOINT WARNING * * *
The gnoll hits you with a +0 halberd.
* * * LOW HITPOINT WARNING * * *
You see here an adder corpse.
Your scale mail prevents you from hitting the gnoll.
You die...

#.....##?#
.........#
.........#
.........# ##
.........# .#.#
.........##
..#.#.........gg#
#.#.#.........#g#
##....##########@#
#.........# #.#
'.........# #.#
#.........+ #.#
#.........# #.#
#.).......# #.#
#.........####.#.#
#..............#.#
#..[.......#####.#


You could see 3 gnolls.

Vanquished Creatures
  An adder (D:2)
  A dart slug (D:2)
  2 goblins
  2 frilled lizards
  2 kobolds (D:1)
  A rat (D:1)
9 creatures vanquished.

Notes
Turn   | Place    | Note
-------+----------+-------------------------------------------
     0 | D:1      | BeastOfSaturn the Demonspawn Fighter began the quest for
                  | the Orb.
     0 | D:1      | Reached XP level 1. HP: 18/18 MP: 1/1
   824 | D:2      | Gained mutation: When hurt, damage is shared between your
                  | health and your magic reserves. [demonic ancestry]
   824 | D:2      | Reached XP level 2. HP: 24/24 MP: 2/2
   860 | D:2      | HP: 1/24 [gnoll/+0 halberd (5)]
   861 | D:2      | Succumbed to an adder's poison

Illustrated notes

Levels and vault maps discovered:
D:1:      psy_arrival_radial01, layout_loops_ring, hangedman_decor_points
D:2:      layout_basic

Skill      XL: |  1  2 |
---------------+-------+-----
Long Blades    | 2 |  2.1
Fighting       | |  3.5
Armour         | |  2.6
Dodging        | |  0.7
Shields        | |  2.6

Action                   || total
-------------------------++-------
Melee: Long sword        ||    26
  Use: Potion            ||     1
Armor: Scale mail        ||     8
Dodge: Dodged            ||    12
Block: Kite shield       ||    16
       Rpst.: Long sword ||     3

Table legend: (Time is in decaauts)
 A = Elapsed time spent in this place.
 B = Non-inter-level travel time spent in this place.
 C = Inter-level travel time spent in this place.
 D = Time resting spent in this place.
 E = Time spent auto-exploring this place.
 F = Levels seen in this place.
 G = Mean time per level.
                   A        B        C        D        E       F      G
               +--------+--------+--------+--------+--------+-----+--------+
         Total |    869 |    845 |     24 |      0 |    766 |   2 |  434.5 |
       Dungeon |    869 |    845 |     24 |      0 |    766 |   2 |  434.5 |
               +--------+--------+--------+--------+--------+-----+--------+

Top non-repeatable levels by time:
     D:1: 776 daAuts
     D:2: 93 daAuts
